 Dungeon Crawl Stone Soup version 0.32-a0-314-g526f7d4993 (webtiles) character file.

Game seed: 2988015882248444164

406 Nattfarinn the Changeling (level 6, -4/38 HPs)
             Began as an Octopode Shapeshifter on Feb 16, 2024.
             Splashed by a jelly's acid (7 damage)
             ... on level 3 of the Dungeon.
             The game lasted 00:02:15 (2166 turns).

Nattfarinn the Changeling (Octopode Shapeshifter)   Turns: 2166, Time: 00:02:16

Health: -4/38      AC: -3    Str: 15    XL:     6   Next: 87%
Magic:  6/6        EV: 13    Int: 13    God:
Gold:   135        SH:  0    Dex: 11    Spells: 5/5 levels left

rFire   . . .        j - +2 dagger (venom)
rCold   . . .        (no shield)
rNeg    . . .        (helmet currently unavailable)
rPois   .            (no amulet)
rElec   .            l - ring of see invisible
rCorr   .            (no ring)
SInv    +            (no ring)
Will    .....        (no ring)
Stlth   ++           (no ring)
HPRegen 0.26/turn    (no ring)
MPRegen 0.10/turn    (no ring)
                     (no ring)

%: no passive effects
@: beast-form, corroded, hasted, very quick
A: beast (slay +4), almost no armour, amphibious, 8 rings, camouflage 1,
gelatinous body 1, (nimble swimmer 1), tentacles
a: Begin Untransformation


You were on level 3 of the Dungeon.
You were a hulking beast.
You visited 1 branch of the dungeon, and saw 3 of its levels.

You collected 135 gold pieces.

Inventory:

Hand Weapons
 j - a +2 dagger of venom (weapon)
Jewellery
 l - a ring of see invisible (left tentacle)
Talismans
 b - a beast talisman (active)
 c - a flux talisman
Scrolls
 d - a scroll of summoning {unknown}
 f - a scroll of enchant weapon {unknown}
 g - a scroll of teleportation {unknown}
 i - a scroll of identify {unknown}
 k - a scroll of vulnerability {unknown}
 n - a scroll of fear {unknown}
Potions
 a - a potion of haste
 e - a potion of cancellation {unknown}
 h - a potion of enlightenment {unknown}
 m - 2 potions of curing {unknown}


   Skills:
 - Level 1.0 Fighting
 - Level 2.0 Dodging
 - Level 3.0 Unarmed Combat
 + Level 7.0 Shapeshifting


You had 5 spell levels left.
You didn't know any spells.
Your spell library was empty.

Dungeon Overview and Level Annotations

Branches:
Dungeon (3/15)

Altars:
Cheibriados


Innate Abilities, Weirdness & Mutations

You are a hulking beast.
Your limbs bulge with bestial killing power. (Slay +4)
You cannot wear most types of armour.
You are amphibious.
You can wear up to eight rings at the same time.
Your skin changes colour to match your surroundings (Stealth+).
Your rubbery body absorbs attacks. (AC +1, EV +1)
((You are camouflaged when in or above water. (Stealth+)))
You have tentacles for arms and can constrict up to eight enemies at once.


Message History

There is an open door here.
A kobold comes into view. It is wielding a +0 club.
The kobold shouts!
You barely miss the kobold. You grab the kobold. You squeeze the kobold.
You kill the kobold!
No target in view!
Things that are here:
a +0 club; 2 stones As you open the door, it creaks loudly!
An endoplasm comes into view.
The endoplasm quivers.
An endoplasm comes into view.
Found a hobgoblin skeleton.
You hit the endoplasm.
The endoplasm is poisoned.
You squeeze the endoplasm.
You kill the endoplasm!
An endoplasm comes into view.
You hit the endoplasm.
The endoplasm is moderately wounded.
The endoplasm freezes you.
You are frozen.
The endoplasm hits the toadstool but does no damage.
You hit the endoplasm.
You kill the endoplasm!
Something hits the toadstool but does no damage.
Your Shapeshifting skill increases to level 7!
You barely miss the endoplasm. You squeeze the endoplasm.
You kill the endoplasm!
A jelly comes into view.
You puncture the jelly!
The jelly is poisoned.
Your tentacles burn!
The jelly is heavily wounded.
The jelly hits you. The acid corrodes you!
You are splashed with acid.
You hit the jelly.
Your tentacles burn!
The jelly is severely wounded.
The jelly hits you.
You are splashed with acid!
* * * LOW HITPOINT WARNING * * *
Something hits the toadstool.
It was a potion of haste.
You feel yourself speed up. The jelly hits you.
* * * LOW HITPOINT WARNING * * *
You are splashed with acid!
You die...

#.###...).## #...)..
############.##.......#
#####..
#.........##.##.......#
###
#.........##.##.......#
#
#.........'..##......=#
#
#........)#####....####
#.........# #....'..##
#.........# ########.#
#.........# #h.)...##
#.........## #J#######
.....#.....# #.P
.....#.###.# #.P
.....#.# #.# #.P
.....#.# #.# #..
.....#.###.# #.รท
######.#...# #.P
######.#.###


You could see a jelly (very poisoned).

Vanquished Creatures
  Sigmund (D:3)
  A black bear (D:3)
  A bombardier beetle (D:3)
  4 adders
  A dart slug (D:2)
  3 ball pythons (D:1)
  A bat (D:1)
  5 endoplasms
  2 giant cockroaches
  3 hobgoblins
  6 jackals (D:3)
  16 kobolds
  2 frilled lizards (D:2)
  7 goblins
  3 rats
56 creatures vanquished.

Notes
Turn   | Place    | Note
-------+----------+-------------------------------------------
     0 | D:1      | Nattfarinn the Octopode Shapeshifter began the quest for
                  | the Orb.
     0 | D:1      | Reached XP level 1. HP: 13/13 MP: 1/1
   178 | D:1      | Reached XP level 2. HP: 18/18 MP: 2/2
   385 | D:1      | Reached skill level 4 in Shapeshifting
   385 | D:1      | Reached XP level 3. HP: 16/23 MP: 3/3
   772 | D:2      | Found a snail-covered altar of Cheibriados.
   975 | D:2      | Reached XP level 4. HP: 25/28 MP: 4/4
  1601 | D:3      | Reached skill level 5 in Shapeshifting
  1749 | D:3      | Noticed Sigmund
  1770 | D:3      | Killed Sigmund
  1771 | D:3      | Reached skill level 6 in Shapeshifting
  1771 | D:3      | Reached XP level 5. HP: 28/33 MP: 5/5
  1771 | D:3      | Reached XP level 6. HP: 32/38 MP: 6/6
  1921 | D:3      | Noticed a black bear
  1929 | D:3      | Killed a black bear
  2163 | D:3      | Reached skill level 7 in Shapeshifting
  2166 | D:3      | Splashed by a jelly's acid

Illustrated notes

Levels and vault maps discovered:
D:1:      dpeg_arrival_stone_temple_mockup, layout_loops_ring, minmay_unequal
D:2:      layout_loops_ring, basic_altar, minivault_14
D:3:      cheibrodos_fertilizer, layout_basic, kennysheep_generic_room_6,
          uniq_sigmund

Skill      XL: |  1  2  3  4  5  6 |
---------------+-------------------+-----
Shapeshifting  | 4 6 7 |  7.0
Fighting       | |  1.0
Dodging        | |  2.0
Unarmed Combat | |  3.0

Action                     |  1- 3 |  4- 6 || total
---------------------------+-------+-------++-------
  Melee: Unarmed           |     9 |       ||     9
         Constrict         |    15 |    15 ||    30
         Tentacles         |     6 |    10 ||    16
         Dagger            |    31 |    61 ||    92
    Use: Potion            |       |     2 ||     2
   Stab: Sleeping          |     2 |     1 ||     3
 Armour: Skin              |    16 |    43 ||    59
  Dodge: Dodged            |    18 |    27 ||    45

Table legend: (Time is in decaauts)
 A = Elapsed time spent in this place.
 B = Non-inter-level travel time spent in this place.
 C = Inter-level travel time spent in this place.
 D = Time resting spent in this place.
 E = Time spent auto-exploring this place.
 F = Levels seen in this place.
 G = Mean time per level.
                   A        B        C        D        E       F      G
               +--------+--------+--------+--------+--------+-----+--------+
         Total |   2164 |   2116 |     48 |    124 |   1675 |   3 |  721.3 |
       Dungeon |   2164 |   2116 |     48 |    124 |   1675 |   3 |  721.3 |
               +--------+--------+--------+--------+--------+-----+--------+

Top non-repeatable levels by time:
     D:1: 750 daAuts
     D:3: 728 daAuts
     D:2: 686 daAuts
